 Dungeon Sprint DCSS version 0.28-a0-863-g8cecda6153 (webtiles) character file.

Game seed: 5380520552642587615

2282 kae the Covert (level 9, -12/39 HPs)
             Began as a Spriggan Enchanter on Nov 18, 2021.
             Mangled by a deep troll (16 damage)
             ... in the Dungeon (Sprint I: "Red Sonja").
             The game lasted 00:02:06 (2271 turns).

kae the Covert (Spriggan Enchanter)                 Turns: 2271, Time: 00:02:06

Health: -12/39     AC:  2    Str:  6    XL:     9   Next: 16%
Magic:  19/24      EV: 24    Int: 18    God:
Gold:   673        SH:  0    Dex: 15    Spells: 18/29 levels left

rFire   . . .      SeeInvis +   j - +0 short sword (venom)
rCold   . . .      Faith    .   (shield restricted)
rNeg    . . .      Spirit   .   b - +0 robe
rPois   .          Reflect  .   (helmet restricted)
rElec   .          Harm     .   (no cloak)
rCorr   .          Rampage  .   (gloves unavailable)
Will    +....      NoTele   +   (boots unavailable)
Stlth   ++++++....              (no amulet)
HPRegen 0.13/turn               (no ring)
MPRegen 0.19/turn               (no ring)

@: confusing by touch, very quick
A: very small, no large weapons, unfitting armour, see invisible, speed 3
a: no special abilities


You were in the Dungeon.
You visited 1 branch You collected 673 gold pieces.

Inventory:

Hand Weapons
 a - a +1 dagger
 j - a +0 short sword of venom (weapon)
Armour
 b - a +0 robe (worn)
Wands
 h - a wand of flame (8)
Scrolls
 i - a scroll of blinking
 k - a scroll of identify {unknown}
Potions
 c - a potion of invisibility
 d - 3 potions of curing
 e - a potion of heal wounds
 f - 2 potions of haste
 g - 2 potions of magic


   Skills:
 * Level 13.2 Short Blades
 + Level 11.5 Dodging
 + Level 13.9 Stealth
 + Level 10.6 Spellcasting
 + Level 11.0 Hexes


You had 18 spell levels left.
You knew the following spells:

 Your Spells              Type           Power      Damage    Failure   Level
a - Ensorcelled Hibernat  Hex/Ice        58%        N/A       1%          2
b - Confusing Touch       Hex            49%        N/A       1%          3
c - Tukima's Dance        Hex            49%        N/A       1%          3
d - Dazzling Flash        Conj/Hex       58%        N/A       2%          3

Your spell library contained the following spells:

 Spells                   Type           Power      Damage    Failure   Level


Dungeon Overview and Level Annotations

Branches:
Dungeon (1/1)

Altars:
Cheibriados
Dithmenos
Elyvilon
Fedhas
Gozag
Hepliaklqana
Kikubaaqudgha
Makhleb
Nemelex Xobeh
Okawaru
Qazlal
Ru
Sif Muna
Trog
Uskayaw
Vehumet
Wu Jian
Xom
Yredelemnul
Zin
The Shining One
Jiyva
Lugonu

Shops:
D :


Innate Abilities, Weirdness & Mutations

You are very small and have problems with some larger weapons.
You are too small for most types of armour.
You have supernaturally acute eyesight. (SInv)
You cover ground extremely quickly. (Speed+++)


Message History

You start resting.
You feel less confused.
Found 54 gold pieces.
d - 2 potions of curing (gained 1)
You now have 511 gold pieces (gained 27).
You start resting.
HP restored.
You now have 538 gold pieces (gained 27).
You now have 565 gold pieces (gained 27).
k - a scroll labelled NIPNUH ZEUM You now have 592 gold pieces (gained 27).
d - 3 potions of curing (gained 1)
You now have 619 gold pieces (gained 27).
You now have 646 gold pieces (gained 27).
You now have 673 gold pieces (gained 27).
There is an open door here.
You open the door.
A deep troll comes into view.
The deep troll shouts!
Found 108 gold pieces.
A deep troll is nearby!
Casting: Ensorcelled Hibernation (safe; 1% risk of failure)
Confirm with . or Enter, or press ? or * to list all spells.
Your hands begin to glow red.
Casting: Confusing Touch (safe; 1% risk of failure)
Confirm with . or Enter, or press ? or * to list all spells.
Aiming: Ensorcelled Hibernation (safe; 1% risk of failure)
Press: ? - help, Shift-Dir - straight line, f - deep troll
Aim: a deep troll (chance to confuse on hit: 55%, chance to affect: 40%)
The deep troll resists with some effort.
The deep troll closely misses you. The deep troll claws you!
The deep troll claws you.
You hit the deep troll but do no damage.
The deep troll bites you!!
Ouch! That really hurt!
* * * LOW HITPOINT WARNING * * *
The deep troll claws you.
* * * LOW HITPOINT WARNING * * *
The deep troll claws you!
You die...

#..#####+#####'#__####...s..#
#..#### #..†#.#### #####..+
#..#__####..##.# +##
#..#_____##'#_.+
#⌠⌠#_.∩...'..._#
####_..__##_.#'#
#_____###'#.#
#########.####+###
.......'..@T$$.$$+
++++####.(.####### ###.###
#.#'#.# #.....# #.([..#
#######


You could see a deep troll.

Vanquished Creatures
  Sonja (D)
  2 kobold demonologists (D)
  2 demonic crawlers (D)
  A slime creature (D)
  Sigmund (D)
  A yak (D)
  A floating eye (D)
  An ogre (D)
  A jelly (D)
  Ijyb (D)
  A ballistomycete spore (D)
13 creatures vanquished.

Vanquished Creatures (others)
  A ballistomycete spore (D)
1 creature vanquished.

Grand Total: 14 creatures vanquished

Notes
Turn   | Place    | Note
-------+----------+-------------------------------------------
     0 | D        | kae the Spriggan Enchanter began the quest for the Orb.
     0 | D        | Reached XP level 1. HP: 9/9 MP: 5/5
     1 | D        | Noticed Ijyb
    14 | D        | Killed Ijyb
    15 | D        | Reached skill level 5 in Stealth
    15 | D        | Reached XP level 2. HP: 2/13 MP: 5/7
   294 | D        | Learned a level 2 spell: Ensorcelled Hibernation
   295 | D        | Noticed an ogre
   298 | D        | Killed an ogre
   299 | D        | Reached skill level 5 in Short Blades
   299 | D        | Reached skill level 5 in Dodging
   299 | D        | Reached skill level 5 in Spellcasting
   299 | D        | Reached skill level 5 in Hexes
   299 | D        | Reached XP level 3. HP: 16/16 MP: 5/10
   299 | D        | Reached XP level 4. HP: 21/21 MP: 6/12
   344 | D        | Noticed Sigmund
   347 | D        | Killed Sigmund
   348 | D        | Reached XP level 5. HP: 24/24 MP: 13/15
   374 | D        | Found an ornate altar of the Wu Jian Council.
   374 | D        | Found a shimmering blue altar of Sif Muna.
   376 | D        | Found a radiant altar of Vehumet.
   381 | D        | Reached XP level 6. HP: 28/28 MP: 16/16
   388 | D        | Found a burning altar of Makhleb.
   388 | D        | Found a viscous altar of Jiyva.
   388 | D        | Found a shimmering altar of Xom.
   388 | D        | Found a corrupted altar of Lugonu.
   388 | D        | Noticed a slime creature
   397 | D        | Killed a slime creature
   398 | D        | Reached skill level 10 in Stealth
   629 | D        | Found Kaublenn's Book Emporium.
   629 | D        | Found an ancient bone altar of Kikubaaqudgha.
   629 | D        | Found a hazy altar of Hepliaklqana.
   629 | D        | Found a stormy altar of Qazlal.
   629 | D        | Found a hide-covered altar of Uskayaw.
   629 | D        | Found a blossoming altar of Fedhas.
   629 | D        | Found a bloodstained altar of Trog.
   629 | D        | Found an iron altar of Okawaru.
   629 | D        | Found a basalt altar of Yredelemnul.
   629 | D        | Found a glowing golden altar of the Shining One.
   629 | D        | Found a snail-covered altar of Cheibriados.
   629 | D        | Found a sacrificial altar of Ru.
   629 | D        | Found a glowing silver altar of Zin.
   629 | D        | Found a shadowy altar of Dithmenos.
   629 | D        | Found a white marble altar of Elyvilon.
   629 | D        | Noticed a yak
   630 | D        | Found an opulent altar of Gozag.
   631 | D        | Killed a yak
   632 | D        | Reached skill level 10 in Short Blades
   632 | D        | Reached XP level 7. HP: 27/32 MP: 17/19
   632 | D        | Found a sparkling altar of Nemelex Xobeh.
   704 | D        | Noticed Sonja
   730 | D        | Noticed a kobold demonologist
   731 | D        | Noticed a kobold demonologist
   735 | D        | Killed a kobold demonologist
   738 | D        | Killed a kobold demonologist
   739 | D        | Reached skill level 10 in Dodging
   739 | D        | Reached XP level 8. HP: 36/36 MP: 16/22
   742 | D        | Paralysed by a floating eye for 4 turns
   800 | D        | Learned a level 3 spell: Confusing Touch
   804 | D        | Learned a level 3 spell: Tukima's Dance
   808 | D        | Learned a level 3 spell: Dazzling Flash
   812 | D        | Noticed a demonic crawler
   812 | D        | Noticed a demonic crawler
   812 | D        | Noticed a demonic crawler
   812 | D        | Noticed a demonic crawler
   814 | D        | Killed a demonic crawler
   815 | D        | Reached skill level 10 in Hexes
  1901 | D        | Killed a demonic crawler
  1902 | D        | Reached skill level 10 in Spellcasting
  1968 | D        | Killed Sonja
  1969 | D        | Reached XP level 9. HP: 31/39 MP: 21/24
  2267 | D        | Noticed a deep troll
  2271 | D        | Mangled by a deep troll

Illustrated notes

Levels and vault maps discovered:
D:        dungeon_sprint_1 [red_sonja_temple_1, red_sonja_temple_small_1]

Skill      XL: |  1  2  3  4  5  6  7  8 |
---------------+-------------------------+-----
Short Blades   | 3 5 7 8 10 11 13 | 13.2
Dodging        | 4 5 7 8 10 11 | 11.5
Stealth        | 5 7 9 11 12 13 | 13.9
Spellcasting   | 3 5 6 8 9 10 | 10.6
Hexes          | 4 5 6 7 8 9 11 | 11.0

Action                   |  1- 3 |  4- 6 |  7- 9 || total
-------------------------+-------+-------+-------++-------
Melee: Dagger            |    12 |     5 |    50 ||    67
       Short sword       |       |       |     2 ||     2
 Cast: Ensorcelled Hiber |     1 |     2 |     6 ||     9
       Confusing Touch   |       |       |     8 ||     8
       Dazzling Flash    |       |       |     1 ||     1
  Use: Potion            |     1 |       |       ||     1
 Stab: Sleeping          |     1 |     5 |     5 ||    11
       Invisible         |       |       |     3 ||     3
       Confused          |       |       |     1 ||     1
Armor: Robe              |       |       |     2 ||     2
Dodge: Dodged            |     5 |       |    66 ||    71

Table legend: (Time is in decaauts)
 A = Elapsed time spent in this place.
 B = Non-inter-level travel time spent in this place.
 C = Inter-level travel time spent in this place.
 D = Time resting spent in this place.
 E = Time spent auto-exploring this place.
 F = Levels seen in this place.
 G = Mean time per level.
                   A        B        C        D        E       F      G
               +--------+--------+--------+--------+--------+-----+--------+
         Total |   2180 |   2180 |      0 |   1829 |    159 |   1 | 2180.0 |
       Dungeon |   2180 |   2180 |      0 |   1829 |    159 |   1 | 2180.0 |
               +--------+--------+--------+--------+--------+-----+--------+

Top non-repeatable levels by time:
       D: 2180 daAuts
